[Event "Titled Tuesday Blitz May 10 Early 2022"]
[White "Matveeva, Olga"]
[Black "Risteski, Emil"]
[WhiteFideId "24107018"]
[BlackFideId "15005267"]
[WhiteElo "2052"]
[BlackElo "2070"]
[Result "0-1"]
[Round "05"]
[TimeControl "180+1"]
[Date "2022.05.11"]
[WhiteClock "0:00:11"]
[BlackClock "0:01:25"]

1. d4 d6 2. Nf3 g6 3. g3 Bg7 4. c4 Nd7 5. Bg2 Nh6 6. h4 e5 7. Nc3 Nf5 8. dxe5 dxe5 9. h5 O-O 10. hxg6 hxg6 11. Bg5 f6 12. Qd5+ Rf7 13. Bd2 c6 14. Qd3 Qe7 15. g4 Nc5 16. Qc2 Nd4 17. Qxg6 f5 18. Ng5 Rf6 19. Qh7+ Kf8 20. O-O-O fxg4 21. Nce4 Bf5 22. Qh4 Rg6 23. Nh7+ Ke8 24. Qxe7+ Kxe7 25. Nc3 Ncb3+ 0-1


[Site "https://www.chess.com"]

[Event "Titled Tuesday Blitz May 10 Early 2022"]
[White "Maximov, Dmitry"]
[Black "Aslanov, Umid"]
[WhiteFideId "14105659"]
[BlackFideId "13412620"]
[WhiteElo "2494"]
[BlackElo "1796"]
[Result "1-0"]
[Round "05"]
[TimeControl "180+1"]
[Date "2022.05.10"]
[WhiteClock "0:00:15"]
[BlackClock "0:00:58"]

1. e4 c5 2. Nf3 Nc6 3. Bb5 g6 4. Bxc6 dxc6 5. h3 Bg7 6. d3 Nf6 7. Nc3 Nd7 8. Be3 e5 9. Qd2 h6 10. O-O Qe7 11. Nh2 b6 12. a4 a5 13. f4 exf4 14. Rxf4 Ne5 15. Raf1 Bd7 16. R4f2 O-O-O 17. Nf3 Nxf3+ 18. Rxf3 Be6 19. Qf2 Rd7 20. Nd1 g5 21. b3 Be5 22. Qe1 h5 23. Bf2 g4 24. Bh4 Qd6 25. Rg3 gxh3 26. Ne3 Bxg3 27. Bxg3 Qd4 28. Kh2 hxg2 29. Nxg2 Rg8 30. Rf3 Rg7 31. Nh4 Rd8 32. c3 Qd7 33. b4 axb4 34. cxb4 c4 35. dxc4 Qd2+ 36. Qxd2 Rd7 37. Qf4 Rd2+ 38. Qxd2 Rg4 39. Qd6 Rxg3 40. Rxg3 b5 41. Rg8+ 1-0


[Site "https://www.chess.com"]

[Event "Titled Tuesday Blitz May 10 Early 2022"]
[White "Melian, Juan Sebastian"]
[Black "Tanenbaum, Zachary"]
[WhiteFideId "3706575"]
[BlackFideId "2060850"]
[WhiteElo "1851"]
[BlackElo "2168"]
[Result "1-0"]
[Round "05"]
[TimeControl "180+1"]
[Date "2022.05.11"]
[WhiteClock "0:00:13"]
[BlackClock "0:00:01"]

1. c4 e5 2. Nc3 Nf6 3. g3 Nc6 4. Bg2 Bc5 5. d3 d6 6. e3 O-O 7. Nge2 Re8 8. O-O Ne7 9. a3 a6 10. d4 Ba7 11. b4 Ng6 12. Bb2 c6 13. dxe5 Nxe5 14. Qb3 Be6 15. Rfd1 Nxc4 16. Nf4 Nxe3 17. Nxe6 Rxe6 18. fxe3 Rxe3 19. Kh1 Ng4 20. Rf1 d5 21. Qc2 Qd6 22. Rf4 Rxg3 23. Qf5 Rxg2 24. Qxf7+ Kh8 25. Kxg2 Ne5 26. Qxb7 Rb8 27. Qxa7 Ng6 28. Rf2 Nf4+ 29. Kh1 Rf8 30. Raf1 h6 31. Ne2 Nxe2 32. Qxg7# 1-0


[Site "https://www.chess.com"]

[Event "Titled Tuesday Blitz May 10 Early 2022"]
[White "Melikhov, Evgeny V."]
[Black "Golizadeh, Asghar"]
[WhiteFideId "4122046"]
[BlackFideId "12505269"]
[WhiteElo "1931"]
[BlackElo "2403"]
[Result "1-0"]
[Round "05"]
[TimeControl "180+1"]
[Date "2022.05.11"]
[WhiteClock "0:01:50"]
[BlackClock "0:01:45"]

1. d4 Nf6 2. c4 e6 3. Nc3 Bb4 4. Qc2 b6 5. e4 Bxc3+ 6. bxc3 d6 7. e5 dxe5 8. dxe5 Nfd7 9. Nf3 Bb7 10. Bf4 Nc6 11. Bd3 Nc5 12. Bxh7 Rxh7 13. Qxh7 Nd3+ 14. Kf1 Nxf4 15. Qh8+ Ke7 16. Qh4+ Kf8 17. Qxf4 Qd3+ 18. Kg1 Rd8 19. h4 Qc2 20. Rc1 Qxa2 21. h5 Ne7 22. h6 gxh6 23. Qxh6+ Ke8 24. Qh8+ Kd7 25. Rd1+ Kc6 26. Qxd8 Qe2 27. Nd4+ Kc5 28. Nxe2 1-0


[Site "https://www.chess.com"]

[Event "Titled Tuesday Blitz May 10 Early 2022"]
[White "Melikyan, Gnel"]
[Black "Hansch, Karsten"]
[WhiteFideId "54109990"]
[BlackFideId "24692239"]
[WhiteElo "1772"]
[BlackElo "2358"]
[Result "0-1"]
[Round "05"]
[TimeControl "180+1"]
[Date "2022.05.11"]
[WhiteClock "0:00:32"]
[BlackClock "0:00:53"]

1. e4 c5 2. Nf3 d6 3. d4 cxd4 4. Nxd4 Nf6 5. Nc3 a6 6. Be3 e5 7. Nf3 Be7 8. Bc4 Qc7 9. Bb3 O-O 10. O-O Be6 11. Bg5 Nbd7 12. Be3 b5 13. Bxe6 fxe6 14. Ng5 Qc4 15. Qd3 h6 16. Qxc4 bxc4 17. Nxe6 Rfc8 18. f4 Rab8 19. Rab1 Kf7 20. f5 Rb7 21. h3 Rcb8 22. b3 Rc8 23. Rfc1 Nb8 24. g4 Nc6 25. bxc4 Rxb1 26. Rxb1 Nd4 27. c5 Nxc2 28. Bf2 dxc5 29. Rb7 Nd4 30. Nd5 Nxd5 31. exd5 Nxe6 32. dxe6+ Ke8 33. Kf1 c4 34. Rb2 c3 35. Rc2 Bf6 36. Ke2 e4 37. Ke3 Rc4 38. Be1 Ke7 39. Rc1 Bg5+ 0-1


[Site "https://www.chess.com"]

[Event "Titled Tuesday Blitz May 10 Early 2022"]
[White "Mikhalsky, Vladimir"]
[Black "Quirke, Jeffrey"]
[WhiteFideId "14144352"]
[BlackFideId "2013029"]
[WhiteElo "2301"]
[BlackElo "2143"]
[Result "1-0"]
[Round "05"]
[TimeControl "180+1"]
[Date "2022.05.11"]
[WhiteClock "0:01:39"]
[BlackClock "0:00:32"]

1. e4 e5 2. Nf3 Nf6 3. Nxe5 d6 4. Nxf7 Kxf7 5. d4 c6 6. Nc3 Be6 7. Bd3 Nbd7 8. f4 Bg4 9. Qd2 Nb6 10. h3 Bd7 11. e5 Nfd5 12. O-O Nxc3 13. bxc3 Be7 14. f5 dxe5 15. dxe5 Bc5+ 16. Kh1 Re8 17. e6+ Bxe6 18. fxe6+ Kg8 19. Qf4 Qe7 20. Qf7+ Kh8 21. Qh5 g6 22. Bxg6 Rg8 23. Rf7 1-0


[Site "https://www.chess.com"]

[Event "Titled Tuesday Blitz May 10 Early 2022"]
[White "Mikhnenko, Alexander"]
[Black "Shuvalov, Evgenij"]
[WhiteFideId "34143014"]
[BlackFideId "4187237"]
[WhiteElo "2117"]
[BlackElo "2053"]
[Result "0-1"]
[Round "05"]
[TimeControl "180+1"]
[Date "2022.05.11"]
[WhiteClock "0:01:26"]
[BlackClock "0:01:49"]

1. e4 e6 2. d4 d5 3. Nc3 Bb4 4. e5 c5 5. a3 Bxc3+ 6. bxc3 Ne7 7. Qg4 cxd4 8. Qxg7 Rg8 9. Qxh7 Qc7 10. Ne2 Nbc6 11. cxd4 Nxd4 12. Qd3 Nxc2+ 13. Kd1 Nxa1 14. Bb2 Bd7 15. Bxa1 Ba4+ 16. Kd2 Rc8 17. Bc3 Nc6 18. f4 d4 19. Nxd4 Nxd4 20. Bxd4 Qc1+ 21. Ke2 Rc2+ 22. Qxc2 Qxc2+ 23. Ke3 Bc6 0-1


[Site "https://www.chess.com"]

[Event "Titled Tuesday Blitz May 10 Early 2022"]
[White "Mirzoev, Azer"]
[Black "Cramling Bellon, Anna"]
[WhiteFideId "13400304"]
[BlackFideId "32009232"]
[WhiteElo "2525"]
[BlackElo "1905"]
[Result "1-0"]
[Round "05"]
[TimeControl "180+1"]
[Date "2022.05.11"]
[WhiteClock "0:00:58"]
[BlackClock "0:00:02"]

1. c4 c5 2. Nc3 Nc6 3. g3 g6 4. Bg2 Bg7 5. a3 a5 6. b3 e6 7. Bb2 Nge7 8. Nh3 O-O 9. O-O d5 10. cxd5 exd5 11. Nf4 Be6 12. Nxe6 fxe6 13. Rc1 Rb8 14. Na4 Bxb2 15. Nxb2 Qd6 16. Na4 b6 17. e3 d4 18. Nb2 b5 19. a4 bxa4 20. Nc4 Qc7 21. bxa4 dxe3 22. dxe3 Rbd8 23. Qg4 Nf5 24. Qe4 Nb4 25. Qxe6+ Kh8 26. h4 Nd3 27. Rb1 Rde8 28. Qc6 Qe7 29. Rb7 Qf6 30. Qxf6+ Rxf6 31. Rd7 Nb4 32. Rfd1 Ref8 33. Rd8 Kg7 34. Rxf8 Rxf8 35. Nxa5 Nh6 36. Nc4 Ng4 37. Rd2 Nc6 38. Bxc6 1-0


[Site "https://www.chess.com"]

[Event "Titled Tuesday Blitz May 10 Early 2022"]
[White "Miszler, Levente"]
[Black "Valle Maytin, Luis Enrique"]
[WhiteFideId "763276"]
[BlackFideId "3503666"]
[WhiteElo "1966"]
[BlackElo "2279"]
[Result "1-0"]
[Round "05"]
[TimeControl "180+1"]
[Date "2022.05.11"]
[WhiteClock "0:01:16"]
[BlackClock "0:01:38"]

1. Nf3 Nf6 2. c4 c5 3. g3 g6 4. Bg2 Bg7 5. O-O O-O 6. Nc3 Nc6 7. d3 d6 8. a3 Qd7 9. Rb1 b6 10. b4 Bb7 11. Qc2 e6 12. e3 Rac8 13. b5 Ne7 14. Bb2 d5 15. Nd2 Qd6 16. Rfd1 Nd7 17. e4 d4 18. Ne2 e5 19. Rf1 Bh6 20. f4 f5 21. Rbe1 Nf6 22. fxe5 Qxe5 23. Nf4 Qd6 24. e5 Bxg2 25. exd6 Bxf1 26. dxe7 Rfe8 27. Kxf1 Ng4 28. Nf3 Rc7 29. Nd5 Rd7 30. h3 Ne3+ 31. Rxe3 Bxe3 32. Nf6+ Kf7 33. Nxd7 Rxe7 34. Nde5+ Kf6 35. Bc1 g5 36. Bxe3 dxe3 37. Ke2 h5 38. Qc3 Ke6 39. Nxg5+ Kd6 40. Nef7+ Kc7 41. Qf6 Rd7 42. Qc6+ Kb8 43. Qxd7 f4 44. Nd6 f3+ 45. Kxe3 f2 1-0


[Site "https://www.chess.com"]

[Event "Titled Tuesday Blitz May 10 Early 2022"]
[White "Mitrabha, Guha"]
[Black "Bok, Benjamin"]
[WhiteFideId "5057000"]
[BlackFideId "1017063"]
[WhiteElo "2468"]
[BlackElo "2658"]
[Result "0-1"]
[Round "05"]
[TimeControl "180+1"]
[Date "2022.05.10"]
[WhiteClock "0:00:04"]
[BlackClock "0:00:04"]

1. d4 d5 2. Nf3 Nf6 3. Bf4 c5 4. e3 Nc6 5. Nbd2 Bg4 6. c3 e6 7. Qa4 Nd7 8. Ne5 Ndxe5 9. Bxe5 cxd4 10. Bb5 Qd7 11. Nb3 a6 12. Nxd4 Rc8 13. Nxc6 axb5 14. Qxg4 bxc6 15. O-O f6 16. Bg3 e5 17. Qxd7+ Kxd7 18. a4 b4 19. Rfd1 Ke6 20. Rac1 bxc3 21. bxc3 Bd6 22. c4 Ra8 23. cxd5+ cxd5 24. Ra1 h5 25. h4 Ra5 26. Ra2 Rha8 27. Rda1 Bb4 28. f3 Bc3 29. Rc1 d4 30. exd4 Bxd4+ 31. Bf2 Rxa4 32. Rxa4 Rxa4 33. Bxd4 Rxd4 34. g3 Rd2 35. Rc7 g6 36. Rg7 Kf5 37. Rg8 Rc2 38. Rg7 g5 39. hxg5 fxg5 40. Rf7+ Kg6 41. Re7 Kf6 42. Rh7 g4 43. fxg4 hxg4 44. Rh5 Ra2 45. Kf1 Rb2 46. Rh8 Kf5 47. Rh4 Ke4 48. Rh5 Kf3 49. Rf5+ Kxg3 50. Rxe5 Rb1+ 51. Ke2 Kg2 52. Ra5 g3 53. Ke3 Kh2 54. Rh5+ Kg1 55. Kf3 g2 56. Ke2 Rb8 57. Rh6 Re8+ 58. Kd2 Re5 59. Rh8 Kf2 60. Rf8+ Kg3 61. Rg8+ Kf3 62. Re8 Rxe8 0-1


[Site "https://www.chess.com"]

[Event "Titled Tuesday Blitz May 10 Early 2022"]
[White "Morefield, Jason"]
[Black "Omariev, Maksim"]
[WhiteFideId "30920825"]
[BlackFideId "4193423"]
[WhiteElo "2171"]
[BlackElo "2522"]
[Result "1-0"]
[Round "05"]
[TimeControl "180+1"]
[Date "2022.05.11"]
[WhiteClock "0:00:11"]
[BlackClock "0:00:03"]

1. d4 Nf6 2. c4 c5 3. d5 e6 4. Nc3 exd5 5. cxd5 d6 6. Nf3 g6 7. Nd2 Bg7 8. e4 O-O 9. Be2 Re8 10. O-O a6 11. a4 Nbd7 12. Ra3 Ne5 13. f4 Neg4 14. Nc4 h5 15. h3 Nh6 16. e5 dxe5 17. fxe5 Nd7 18. Bf4 Nf5 19. Bxh5 gxh5 20. Qxh5 Nxe5 21. Bxe5 Bxe5 22. Rxf5 Bxf5 23. Qxf5 Bd4+ 24. Kh2 Qf6 25. Qxf6 Bxf6 26. Rb3 Re7 27. d6 Re1 28. Rxb7 Rd8 29. Kg3 Rc1 30. Nd5 Bd4 31. b3 Rd1 32. Ne7+ Kf8 33. Nc6 Re8 34. d7 Bg7 35. dxe8=Q+ Kxe8 36. Re7+ Kf8 37. Ra7 Bc3 38. Rxa6 Rb1 39. Ra8+ Kg7 40. Rb8 Bb4 41. Nxb4 Rxb3+ 42. Kf4 cxb4 43. a5 Rb1 44. a6 Ra1 45. Rxb4 Rxa6 46. Ne3 Rg6 47. g4 Rh6 48. Nf5+ Kg6 49. Nxh6 f6 50. Nf5 Kh7 51. Rb7+ Kg6 52. Rg7# 1-0


[Site "https://www.chess.com"]

[Event "Titled Tuesday Blitz May 10 Early 2022"]
[White "Moussard, Jules"]
[Black "Khubukshanov, Erdem"]
[WhiteFideId "642908"]
[BlackFideId "54114527"]
[WhiteElo "2589"]
[BlackElo "2306"]
[Result "1-0"]
[Round "05"]
[TimeControl "180+1"]
[Date "2022.05.10"]
[WhiteClock "0:01:22"]
[BlackClock "0:00:02"]

1. Nf3 d5 2. g3 Bg4 3. Bg2 Nd7 4. d4 Ngf6 5. O-O e6 6. Nbd2 Be7 7. c4 c6 8. b3 O-O 9. Bb2 a5 10. Re1 a4 11. e4 Bb4 12. exd5 cxd5 13. Re3 axb3 14. Rxb3 Qe7 15. c5 Bxd2 16. Qxd2 Ne4 17. Qf4 Bxf3 18. Bxf3 Ndf6 19. a4 Qd7 20. a5 Ra7 21. Be2 Ne8 22. f3 N4f6 23. Qb8 Ra6 24. Qxb7 Nc7 25. Bxa6 1-0


[Site "https://www.chess.com"]

[Event "Titled Tuesday Blitz May 10 Early 2022"]
[White "Muradov, Soltan"]
[Black "Lamaze, Simon"]
[WhiteFideId "14002108"]
[BlackFideId "36069264"]
[WhiteElo "1854"]
[BlackElo "1999"]
[Result "0-1"]
[Round "05"]
[TimeControl "180+1"]
[Date "2022.05.11"]
[WhiteClock "0:00:12"]
[BlackClock "0:01:22"]

1. d4 Nf6 2. Nf3 e6 3. Bf4 d5 4. Nbd2 Bd6 5. Bg3 O-O 6. e3 c5 7. c3 Qc7 8. Bxd6 Qxd6 9. Ne5 Nfd7 10. f4 f6 11. Nxd7 Nxd7 12. Bd3 e5 13. O-O e4 14. Be2 Nb6 15. dxc5 Qxc5 16. Kh1 Qxe3 17. Nb3 Bd7 18. Nd4 g5 19. f5 Kg7 20. Qb3 g4 21. Bxg4 Qg5 22. Be2 Rae8 23. Bb5 Rf7 24. Bxd7 Rxd7 25. Ne6+ Rxe6 26. fxe6 Re7 27. a4 Nc4 28. Rae1 Nd2 29. Qb4 Rxe6 30. Qxb7+ Kg6 31. Qxd5 Qxd5 0-1


[Site "https://www.chess.com"]

[Event "Titled Tuesday Blitz May 10 Early 2022"]
[White "Nakamura, Hikaru"]
[Black "Dronavalli, Harika"]
[WhiteFideId "2016192"]
[BlackFideId "5015197"]
[WhiteElo "2850"]
[BlackElo "2382"]
[Result "1/2-1/2"]
[Round "05"]
[TimeControl "180+1"]
[Date "2022.05.10"]
[WhiteClock "0:00:05"]
[BlackClock "0:00:16"]

1. Nf3 Nf6 2. b3 g6 3. d4 Bg7 4. Bb2 d6 5. e3 O-O 6. Be2 c5 7. O-O b6 8. c4 cxd4 9. Nxd4 Bb7 10. Bf3 Qc8 11. Nc3 Nc6 12. Nc2 Ne5 13. Bxb7 Qxb7 14. Nb4 Rfd8 15. Qe2 a6 16. Rad1 Rab8 17. Ncd5 Nxd5 18. cxd5 a5 19. Bxe5 axb4 20. Bxg7 Kxg7 21. Qc4 Ra8 22. Rd2 Ra5 23. Qxb4 Rxd5 24. Rxd5 Qxd5 25. Qxb6 Ra8 26. a4 e5 27. h3 h5 28. Rc1 Qd2 29. Rf1 h4 30. f4 Rc8 31. fxe5 Rc1 32. exd6 Rxf1+ 33. Kxf1 Qd1+ 34. Kf2 Qd2+ 35. Kf3 Qd1+ 36. Ke4 Qc2+ 37. Kd4 Qd2+ 38. Kc4 Qc2+ 39. Kb4 Qd2+ 40. Kb5 Qd3+ 41. Ka5 Qd5+ 42. Kb4 Qd2+ 43. Kc5 Qc2+ 44. Kd5 Qxg2+ 45. e4 Qxh3 46. Qd4+ Kh7 47. a5 Qd7 48. Qd3 h3 49. Qg3 Qb7+ 50. Ke5 Qb5+ 51. Kf6 Qh5 52. d7 h2 53. d8=Q h1=Q 54. Qgd6 Q1f3+ 55. Ke7 Qg5+ 56. Kd7 Qfg4+ 57. Kc7 Qxa5+ 58. Qb6 Qxb6+ 59. Kxb6 Qxe4 60. Qf6 Qe3+ 61. Kc6 Qxb3 62. Qh4+ Kg8 63. Qd4 Qe6+ 64. Kc5 Qe7+ 65. Kc4 Qc7+ 66. Kd3 Qe7 67. Qd5 Qe6 68. Qd4 Qf5+ 69. Ke3 g5 70. Ke2 Qf4 71. Qd5 Kg7 72. Qc5 g4 73. Ke1 Qf3 74. Qg5+ Kf8 75. Qd8+ Kg7 76. Qg5+ Kf8 77. Qd8+ Kg7 78. Qg5+ 1/2-1/2


[Site "https://www.chess.com"]

[Event "Titled Tuesday Blitz May 10 Early 2022"]
[White "Namitbir Singh Walia"]
[Black "Vovk, Orest"]
[WhiteFideId "35071068"]
[BlackFideId "14113490"]
[WhiteElo "1565"]
[BlackElo "2203"]
[Result "0-1"]
[Round "05"]
[TimeControl "180+1"]
[Date "2022.05.11"]
[WhiteClock "0:00:02"]
[BlackClock "0:01:53"]

1. d4 e5 2. dxe5 Nc6 3. Nf3 Qe7 4. Nc3 Nxe5 5. e3 Nf6 6. b3 Nxf3+ 7. Qxf3 Qe5 8. e4 Bb4 9. Bd2 Nxe4 10. Qxe4 Bxc3 11. Qxe5+ Bxe5 12. O-O-O O-O 13. Bd3 d5 14. Bb4 Rd8 15. Rhe1 Bf6 16. Be7 Bxe7 17. Rxe7 c6 18. Rde1 Bd7 19. Kd2 g6 20. h4 Kf8 21. h5 Rab8 22. hxg6 hxg6 23. f4 Be6 24. Rc7 Rd7 25. Rxd7 Bxd7 26. Kc3 Re8 27. Rxe8+ Kxe8 28. Kd4 Ke7 29. b4 Kd6 30. c4 dxc4 31. Bxc4 Be6 32. a4 Bxc4 33. Kxc4 b6 34. g4 f6 35. a5 bxa5 36. bxa5 a6 37. Kd4 c5+ 38. Kc4 Kc6 0-1


[Site "https://www.chess.com"]

[Event "Titled Tuesday Blitz May 10 Early 2022"]
[White "Nenezic, Marko"]
[Black "Demchenko, Anton"]
[WhiteFideId "912123"]
[BlackFideId "4160258"]
[WhiteElo "2457"]
[BlackElo "2539"]
[Result "1-0"]
[Round "05"]
[TimeControl "180+1"]
[Date "2022.05.10"]
[WhiteClock "0:00:05"]
[BlackClock "0:00:05"]

1. d4 Nf6 2. c4 d6 3. Nf3 Nc6 4. Nc3 e5 5. d5 Ne7 6. e4 Ng6 7. g3 Be7 8. h4 h6 9. h5 Nf8 10. Bh3 Bxh3 11. Rxh3 Qc8 12. Rh1 N8h7 13. Nh4 O-O 14. Nf5 Re8 15. Qe2 c6 16. a4 cxd5 17. cxd5 a6 18. a5 Qc7 19. Be3 Rac8 20. Ra4 Qd7 21. Ra3 Bd8 22. f3 Kh8 23. Kf2 Ng8 24. Qd2 Bg5 25. Na4 Bd8 26. Nb6 Bxb6 27. axb6 Ne7 28. g4 Nxf5 29. gxf5 f6 30. Rc1 Qf7 31. Rh1 Ng5 32. Kg3 Qd7 33. Rc1 Rxc1 34. Qxc1 Qb5 35. Rc3 Kh7 36. Rc7 Qe2 37. Bxg5 hxg5 38. h6 g4 39. Qh1 Qxf3+ 40. Qxf3 gxf3 41. Rxg7+ Kxh6 42. Rxb7 Rg8+ 43. Kxf3 Rg1 44. Rf7 Rb1 45. Rxf6+ Kh5 46. Rxd6 Rxb2 47. Rc6 a5 48. d6 a4 49. d7 Rd2 50. b7 Rd3+ 51. Ke2 Rxd7 52. b8=Q a3 53. Rg6 1-0


[Site "https://www.chess.com"]

[Event "Titled Tuesday Blitz May 10 Early 2022"]
[White "Nogerbek, Kazybek"]
[Black "Aldokhin, Ivan"]
[WhiteFideId "13710427"]
[BlackFideId "24115720"]
[WhiteElo "2441"]
[BlackElo "2231"]
[Result "1-0"]
[Round "05"]
[TimeControl "180+1"]
[Date "2022.05.10"]
[WhiteClock "0:01:21"]
[BlackClock "0:00:03"]

1. e4 c5 2. Nf3 e6 3. d4 cxd4 4. Nxd4 a6 5. Bd3 Qc7 6. O-O Nf6 7. Qe2 d6 8. c4 Nbd7 9. Nc3 g6 10. Nf3 Bg7 11. Bf4 O-O 12. h3 b6 13. Rfd1 Bb7 14. Rac1 Rac8 15. b3 Nh5 16. Bh2 Ne5 17. Qe3 Nf6 18. Nxe5 dxe5 19. Na4 Nd7 20. Bf1 Nc5 21. Nc3 f5 22. exf5 gxf5 23. b4 Ne4 24. Nxe4 Bxe4 25. c5 bxc5 26. Rxc5 Qb8 27. Bc4 Kh8 28. Bxe6 Rcd8 29. Re1 Qxb4 30. Bxe5 Rd3 31. Bxg7+ Kxg7 32. Qg5+ Kh8 33. Rec1 Rd1+ 34. Rxd1 Qxc5 35. Rd7 Qe5 36. Qh6 Qa1+ 37. Kh2 f4 38. Qxf8# 1-0


[Site "https://www.chess.com"]

[Event "Titled Tuesday Blitz May 10 Early 2022"]
[White "Odegov, Artem"]
[Black "Thomas, Anysia"]
[WhiteFideId "34183644"]
[BlackFideId "670472"]
[WhiteElo "2286"]
[BlackElo "2002"]
[Result "1-0"]
[Round "05"]
[TimeControl "180+1"]
[Date "2022.05.11"]
[WhiteClock "0:00:13"]
[BlackClock "0:00:09"]

1. d4 Nf6 2. c4 g6 3. Nc3 d5 4. cxd5 Nxd5 5. e4 Nxc3 6. bxc3 Bg7 7. Bc4 c5 8. Ne2 O-O 9. O-O Nc6 10. Be3 Bg4 11. f3 Bd7 12. Rb1 Qc7 13. Bf4 e5 14. Bg3 cxd4 15. cxd4 Nxd4 16. Qxd4 Rac8 17. Rfc1 exd4 18. Bxc7 Rxc7 19. Bxf7+ Rxf7 20. Rxc7 d3 21. Nc1 Bd4+ 22. Kh1 Bb6 23. Rxb7 Bb5 24. Rxf7 Kxf7 25. Nb3 Bc4 26. Rd1 Be3 27. h4 Ke6 28. Kh2 Ke5 29. Kg3 Bxb3 30. axb3 d2 31. f4+ Bxf4+ 32. Kf3 h6 33. g3 Kd4 34. gxf4 Kd3 35. e5 1-0


[Site "https://www.chess.com"]

[Event "Titled Tuesday Blitz May 10 Early 2022"]
[White "Oganian, Miran"]
[Black "Steinberg, Nitzan"]
[WhiteFideId "4122488"]
[BlackFideId "2801795"]
[WhiteElo "2357"]
[BlackElo "2471"]
[Result "1-0"]
[Round "05"]
[TimeControl "180+1"]
[Date "2022.05.10"]
[WhiteClock "0:00:22"]
[BlackClock "0:00:02"]

1. e4 c5 2. Nf3 d6 3. Bb5+ Bd7 4. Bxd7+ Nxd7 5. O-O Ngf6 6. Re1 g6 7. b3 Bg7 8. Bb2 O-O 9. c4 a6 10. d4 cxd4 11. Nxd4 Rc8 12. Nc3 Ne5 13. h3 Nc6 14. Nd5 Nxd4 15. Bxd4 Nd7 16. Bxg7 Kxg7 17. Qd4+ Kg8 18. a4 Re8 19. a5 e6 20. Ne3 Qe7 21. Rad1 Rc6 22. b4 Nf6 23. e5 dxe5 24. Qxe5 Rc7 25. c5 Rd7 26. Rxd7 Nxd7 27. Qd4 h5 28. Rd1 Nb8 29. Qe4 Nc6 30. Nc4 Rd8 31. Nd6 Rd7 32. Rd3 e5 33. b5 axb5 34. a6 Nd4 35. axb7 Qd8 36. Qxe5 Ne6 37. c6 Rc7 38. Nf5 Qxd3 39. b8=Q+ 1-0


[Site "https://www.chess.com"]

[Event "Titled Tuesday Blitz May 10 Early 2022"]
[White "Olsen, Filip Boe"]
[Black "Itkis, Boris"]
[WhiteFideId "1440640"]
[BlackFideId "1209167"]
[WhiteElo "2247"]
[BlackElo "2207"]
[Result "1-0"]
[Round "05"]
[TimeControl "180+1"]
[Date "2022.05.11"]
[WhiteClock "0:00:16"]
[BlackClock "0:00:03"]

1. d4 Nf6 2. c4 Nc6 3. Nf3 e6 4. g3 Bb4+ 5. Bd2 Qe7 6. Bg2 O-O 7. O-O a5 8. Qc2 d6 9. a3 Bxd2 10. Nbxd2 a4 11. e3 e5 12. dxe5 dxe5 13. Rad1 Rd8 14. Nb1 Bg4 15. h3 Bh5 16. Nc3 e4 17. Rxd8+ Rxd8 18. Nd2 Ne5 19. Ncxe4 Bg6 20. Qxa4 Nd3 21. Nxf6+ Qxf6 22. Ne4 Qxb2 23. Qb5 Qxa3 24. Qxb7 Qe7 25. Nc3 h5 26. Nd5 Qd6 27. Nxc7 Ne5 28. Nb5 Qc5 29. Rc1 Kh7 30. Qa7 Rc8 31. Qxc5 Rxc5 32. Nd6 f6 33. Bd5 Bd3 34. Nb7 Rc7 35. c5 1-0


[Site "https://www.chess.com"]

[Event "Titled Tuesday Blitz May 10 Early 2022"]
[White "Omelja, Artem"]
[Black "Silvestre, Christian"]
[WhiteFideId "14119846"]
[BlackFideId "30956269"]
[WhiteElo "2382"]
[BlackElo "2369"]
[Result "1-0"]
[Round "05"]
[TimeControl "180+1"]
[Date "2022.05.11"]
[WhiteClock "0:00:06"]
[BlackClock "0:00:05"]

1. d4 e5 2. dxe5 Nc6 3. Nf3 Qe7 4. e3 Nxe5 5. Nxe5 Qxe5 6. Be2 d5 7. O-O Nf6 8. Nd2 Bd6 9. Nf3 Qe7 10. b3 Bf5 11. Bb2 c6 12. c4 Rd8 13. cxd5 O-O 14. Nd4 Qe5 15. g3 Qxd5 16. Bc4 Qa5 17. Nxf5 Qxf5 18. Qe2 Ng4 19. Rfd1 Ne5 20. Rac1 Nf3+ 21. Kg2 Ng5 22. Bd3 Qh3+ 23. Kg1 Rfe8 24. Bb1 Ne4 25. Rd4 Nf6 26. Rh4 Qe6 27. Bxf6 Qxf6 28. Bxh7+ Kf8 29. Bb1 Ba3 30. Rd1 Rxd1+ 31. Qxd1 Rd8 32. Rh8+ Ke7 33. Qxd8+ Ke6 34. Re8+ Be7 35. Qd3 Qb2 36. Qf5+ Kd6 37. Qd3+ Kc7 38. Rxe7+ Kb6 39. Qd4+ Qxd4 40. exd4 Kb5 41. Rxf7 Kb4 42. Rxg7 Kc3 43. Be4 Kb2 44. Bxc6 1-0


[Site "https://www.chess.com"]

[Event "Titled Tuesday Blitz May 10 Early 2022"]
[White "Ovezdurdyyeva, Jemal"]
[Black "Zlatin, Alexander"]
[WhiteFideId "14001888"]
[BlackFideId "2810549"]
[WhiteElo "1946"]
[BlackElo "2228"]
[Result "0-1"]
[Round "05"]
[TimeControl "180+1"]
[Date "2022.05.11"]
[WhiteClock "0:00:12"]
[BlackClock "0:00:36"]

1. e4 e5 2. Nf3 Nc6 3. Bc4 Bc5 4. Kf1 Nf6 5. c3 d6 6. d4 exd4 7. cxd4 Bb6 8. Nc3 Bg4 9. Be3 O-O 10. h3 Bd7 11. e5 dxe5 12. dxe5 Nh5 13. Bg5 Qe8 14. g4 Nxe5 15. Nxe5 Qxe5 16. Qxd7 Qxg5 17. gxh5 Qf4 18. Nd1 Qxc4+ 19. Kg1 Rad8 20. Qg4 Rd4 21. Qg3 Rd3 22. Qg5 h6 23. Qg4 Qc2 24. Kh2 Bxf2 25. Nxf2 Qxf2+ 26. Qg2 Qf4+ 27. Kg1 Rg3 28. Qxg3 Qxg3+ 29. Kf1 Qf3+ 30. Kg1 Re8 31. Rf1 Qg3# 0-1


[Site "https://www.chess.com"]

[Event "Titled Tuesday Blitz May 10 Early 2022"]
[White "Padmini, Rout"]
[Black "Shimelkov, Vasiliy"]
[WhiteFideId "5029295"]
[BlackFideId "13701630"]
[WhiteElo "2181"]
[BlackElo "2073"]
[Result "0-1"]
[Round "05"]
[TimeControl "180+1"]
[Date "2022.05.11"]
[WhiteClock "0:00:54"]
[BlackClock "0:00:43"]

1. e4 c6 2. d4 d5 3. e5 Bf5 4. Nd2 e6 5. Nb3 Nd7 6. Nf3 a6 7. Be2 c5 8. c3 c4 9. Nbd2 Ne7 10. Nf1 Bg6 11. h4 h6 12. h5 Bh7 13. Bf4 Nf5 14. g4 Ne7 15. Ng3 Nc6 16. Qd2 b5 17. a3 a5 18. Bd1 Be7 19. g5 hxg5 20. Nxg5 Bxg5 21. Bxg5 Qb6 22. h6 g6 23. f4 Ra6 24. Nf1 O-O 25. Ne3 b4 26. Ng4 Rb8 27. Bc2 bxc3 28. bxc3 Qb2 29. Ke2 Qb7 30. Rhb1 Rb6 31. Rxb6 Qxb6 32. a4 Qb2 33. Bd1 Qxa1 0-1


[Site "https://www.chess.com"]

[Event "Titled Tuesday Blitz May 10 Early 2022"]
[White "Paiva, Henrique M A Albergaria"]
[Black "Atakhan, Abtin"]
[WhiteFideId "1920995"]
[BlackFideId "22502203"]
[WhiteElo "1975"]
[BlackElo "2094"]
[Result "0-1"]
[Round "05"]
[TimeControl "180+1"]
[Date "2022.05.11"]
[WhiteClock "0:02:12"]
[BlackClock "0:01:18"]

1. e4 c5 2. Nf3 Nc6 3. Nc3 g6 4. d4 cxd4 5. Nxd4 Bg7 6. Nxc6 bxc6 7. Bc4 Qc7 8. Be3 Nf6 9. O-O d6 10. h3 Rb8 11. Bb3 O-O 12. Qd2 a5 13. Bh6 Ba6 14. Rfe1 Nd7 15. Bxg7 Kxg7 16. Qd4+ Kg8 17. Rad1 Ne5 18. f4 Rb4 19. Qe3 Nc4 20. Qe2 Qb6+ 21. Qf2 Qxf2+ 22. Kxf2 Nxb2 23. Rb1 Nc4 24. e5 Na3 25. Rbd1 Rxf4+ 26. Kg3 dxe5 27. Rxe5 Rb4 28. Rxe7 Bc4 29. Rc7 Bxb3 30. cxb3 Rb6 31. Na4 Nb5 32. Re7 Rbb8 33. Rc1 Nd4 34. Rd7 Ne2+ 0-1


[Site "https://www.chess.com"]